 Dungeon Crawl Stone Soup version 0.29-a0-582-ge82337ba6a (webtiles) character file.

Game seed: 11005260385967759052

6 zeratav the Cutter (level 2, -4/17 HPs)
             Began as a Kobold Gladiator on June 14, 2022.
             Slain by Sigmund
             ... wielding a +2 scythe of flaming
              (11 damage)
             ... on level 2 of the Dungeon.
             The game lasted 00:00:39 (1116 turns).

zeratav the Cutter (Kobold Gladiator)               Turns: 1116, Time: 00:00:40

Health: -4/17      AC:  4    Str: 11    XL:     2   Next: 0%
Magic:  2/2        EV: 15    Int:  9    God:
Gold:   4          SH:  0    Dex: 16    Spells: 1/1 levels left

rFire   . . .      SeeInvis .   a - +0 rapier {short}
rCold   . . .      Faith    .   (no shield)
rNeg    . . .      Spirit   .   b - +0 leather armour
rPois   .          Reflect  .   c - +0 helmet
rElec   .          Harm     .   (no cloak)
rCorr   .          Rampage  .   (no gloves)
Will    .....                   (no boots)
Stlth   +++.......              (no amulet)
HPRegen 0.05/turn               (no ring)
MPRegen 0.08/turn               (no ring)

@: no status effects
A: small, no large weapons, nightstalker 3
a: no special abilities


You were on level 2 of the Dungeon.
You visited 1 branch of the dungeon, and saw 2 of its levels.

You collected 4 gold pieces.


Innate Abilities, Weirdness & Mutations

You are small and have problems with some larger weapons.
You are completely attuned to the shadows.


   Skills:
 - Level 2.1 Fighting
 + Level 4.3 Short Blades
 - Level 2.1 Throwing
 - Level 3.6 Dodging
 + Level 1.4 Stealth


You had one spell level left.
You didn't know any spells.
Your spell library was empty.

Inventory:

Hand Weapons
 a - a +0 rapier (weapon) {short}
Missiles
 d - 4 throwing nets (quivered) {=fthrowing}
 e - 2 boomerangs {throwing}
Armour
 b - a +0 leather armour (worn)
 c - a +0 helmet (worn)
 g - a +0 chain mail
   (You found it on level 1 of the Dungeon)
 h - a +0 ring mail
   (You found it on level 1 of the Dungeon)
Scrolls
 i - 2 scrolls of identify {unknown}
Potions
 f - a potion of lignification {unknown}
 j - a potion of magic {unknown}

Dungeon Overview and Level Annotations

Branches:
Dungeon (2/15)

Altars:

Shops:
D:1 [

Annotations:
D:2 Sigmund

......
#....#..
#....#.#..
####......#.#.
#....<........
#@##......#.#.
#{##.##.......
#.##.##.#)....
#.##.##.#.....
..............
..##.#.....


There were no monsters in sight!


Message History

No target in view!
No target in view!
No target in view!
No target in view!
No target in view!
No target in view!
You open the door.
There is an open door here.
There is an open door here.
You open the door.
There is an open door here.
There is an open door here.
You open the door.
There is an open door here.
There is an open door here.
There is an open door here.
A rat comes into view.
The helpless rat fails to defend itself.
You impale the rat!!
You kill the rat!
You see here a rat corpse.
i - a scroll labelled SUHOVYSALU You open the door.
There is an open door here.
As you open the door, it creaks loudly!
There is an open door here.
A frilled lizard comes into view.
A frilled lizard is nearby!
You miss the frilled lizard.
The frilled lizard bites you but does no damage.
You miss the frilled lizard. You punch the frilled lizard.
You kill the frilled lizard!
No target in view!
No target in view!
No target in view!
No target in view!
No target in view!
No target in view!
No target in view!
No target in view!
No target in view!
No target in view!
No target in view!
No target in view!
You see here a frilled lizard corpse.
j - a lumpy emerald potion You open the door.
There is an open door here.
There is a dry fountain here.
You now have 4 gold pieces.
There is an open door here.
You see here a frilled lizard corpse.
There is an open door here.
There is an open door here.
Found Rayly's Antique Armour Shop.
There is an entrance to Rayly's Antique Armour Shop here.
You can access your shopping list by pressing '$'.
There is an open door here.
There is an open door here.
A rat comes into view.
The helpless rat fails to defend itself.
You impale the rat!!
You kill the rat!
You have reached level 2!
HP[+5] MP[+1]
You now have 17 max hp (+5).
Your hp is fully restored (17).
Your mp is fully restored (2).
There is an open door here.
You open the door.
There is an open door here.
You see here a +0 falchion {long}.
Done exploring.
Done exploring.
(D) Dungeon
Where to? (? - help)
There is a stone staircase leading down here.
You climb downwards.
There is a stone staircase leading up here.
i - 2 scrolls labelled SUHOVYSALU (gained 1) Sigmund the Dreaded comes into view.
He is wielding a +2 scythe of flaming.
Sigmund shouts!
Sigmund gestures wildly while chanting.
Sigmund flickers and vanishes!
Deactivating autopickup; reactivate with Ctrl-A.
You miss something.
You hear some strange, mumbled words.
A puff of flame appears from out of thin air!
The puff of flame hits you.
HP[-4]
You take 4 damage, and now have 13/17 hp.
MASSIVE DAMAGE!! (PAUSE)
You hit something but do no damage. Something hits you. Something burns you.
* * * LOW HITPOINT WARNING * * *
HP[-6]
You take 6 damage, and now have 7/17 hp.
MASSIVE DAMAGE!! (PAUSE)
You puncture something! You completely miss something. Something hits you!
Ouch! That really hurt!
You die...

Skill      XL: |  1 |
---------------+----+-----
Stealth        | 1 |  1.4
Fighting       | |  2.1
Short Blades   | |  4.3
Throwing       | |  2.1
Dodging        | |  3.6

Action                   || total
-------------------------++-------
Melee: Rapier            ||    18
       Punch             ||     1
 Stab: Sleeping          ||     3
Armor: Leather armour    ||     1
Dodge: Dodged            ||     7

Levels and vault maps discovered:
D:1:      dpeg_arrival_orchard, layout_loops_corners, serial_shops,
          nicolae_shop_overgrown_old_shop,
          shapermc_ecumenical_altar_totnotflames, kennysheep_pointless_box
D:2:      layout_basic, hangedman_glass_teeth,
          nicolae_concentric_dashed_squares_mild, uniq_sigmund, uniq_robin

Notes
Turn   | Place    | Note
-------+----------+-------------------------------------------
     0 | D:1      | zeratav the Kobold Gladiator began the quest for the Orb.
     0 | D:1      | Reached XP level 1. HP: 12/12 MP: 1/1
     0 | D:1      | magus.rc [v1.9.6]
    77 | D:1      | Found a faded altar of an unknown god.
   480 | D:1      | Reached skill level 1 in Stealth
   916 | D:1      | Found Rayly's Antique Armour Shop.
  1029 | D:1      | Reached XP level 2. HP: 17/17 MP: 2/2
  1111 | D:2      | Noticed Sigmund
  1116 | D:2      | Slain by Sigmund

Vanquished Creatures
  A giant cockroach (D:1)
  2 goblins (D:1)
  A frilled lizard (D:1)
  2 rats (D:1)
6 creatures vanquished.

Table legend:
 A = Non-vault XP
 B = Vault XP
 C = Vault XP percentage of total XP
 D = Non-vault monster count
 E = Vault monster count
 F = Vault count percentage of total count
                 A         B        C        D         E       F
            +---------+---------+-------+---------+---------+-------
      Total |       9 |       0 |   0.0 |       6 |       0 |   0.0
            +---------+---------+-------+---------+---------+-------
        D:1 |       9 |       0 |   0.0 |       6 |       0 |   0.0
            +---------+---------+-------+---------+---------+-------

Illustrated notes

Table legend:
 A = Kills in this place as a percentage of kills in entire the game.
 B = Kills by you in this place as a percentage of kills by you in the entire game.
 C = Kills by friends in this place as a percentage of kills by friends in the entire game.
 D = Other kills in this place as a percentage of other kills in the entire game.
 E = Experience gained in this place as a percentage of experience gained in the entire game.
 F = Experience gained in this place divided by the number of levels of this place that you have seen.
                   A       B       C       D       E      F
               +-------+-------+-------+-------+-------+----------------------
         Total | 100.0 | 100.0 |   N/A |   N/A | 100.0 |   4.5
       Dungeon | 100.0 | 100.0 |   N/A |   N/A | 100.0 |   4.5
               +-------+-------+-------+-------+-------+----------------------

Table legend: (Time is in decaauts)
 A = Elapsed time spent in this place.
 B = Non-inter-level travel time spent in this place.
 C = Inter-level travel time spent in this place.
 D = Time resting spent in this place.
 E = Time spent auto-exploring this place.
 F = Levels seen in this place.
 G = Mean time per level.
                   A        B        C        D        E       F      G
               +--------+--------+--------+--------+--------+-----+--------+
         Total |   1115 |   1110 |      5 |     62 |   1001 |   2 |  557.5 |
       Dungeon |   1115 |   1110 |      5 |     62 |   1001 |   2 |  557.5 |
               +--------+--------+--------+--------+--------+-----+--------+

Top non-repeatable levels by time:
     D:1: 1097 daAuts
     D:2: 18 daAuts
